 Dungeon Crawl Stone Soup version 0.27.0-1-g7a089689b8 (webtiles) character file.

Game seed: 13694669379196723132

210 Malachi the Shield-Bearer (level 5, -1/41 HPs)
             Began as a Vampire Fighter on Aug 13, 2021.
             Was a Believer of Qazlal.
             Succumbed to a scorpion's poison
             ... on level 4 of the Dungeon.
             The game lasted 00:03:52 (2169 turns).

Malachi the Shield-Bearer (Vampire Fighter)         Turns: 2169, Time: 00:03:53

Health: -1/41      AC:  9    Str: 16    XL:     5   Next: 56%
Magic:  1/5        EV:  7    Int: 10    God:    Qazlal [**....]
Gold:   175        SH: 11    Dex: 14    Spells: 4/4 levels left

rFire    . . .     SeeInvis +   a - +1 long sword
rCold    . . .     Faith    .   c - +0 kite shield
rNeg     . . .     Spirit   .   b - +0 scale mail
rPois    .         Reflect  .   (no helmet)
rElec    .         Harm     .   (no cloak)
rCorr    .         Rampage  .   i - +1 pair of gloves
Will     .....                  (no boots)
Stlth    ..........             (no amulet)
HPRegen  0.33/turn              (no ring)
MPRegen  0.09/turn              (no ring)

@: mighty, brilliant, lethally poisoned (-1 -> -7), healing quickly
A: alive, fangs 3, see invisible, vampiric 2
a: Exsanguinate, Renounce Religion, Upheaval


You were on level 4 of the Dungeon.
You worshipped Qazlal.
Qazlal was pleased with you.
You visited 1 branch of the dungeon, and saw 4 of its levels.

You collected 175 gold pieces.

Inventory:

Hand Weapons
 a - a +1 long sword (weapon)
Armour
 b - a +0 scale mail (worn)
 c - a +0 kite shield (worn)
 i - a +1 pair of gloves (worn)
Magical Staves
 o - a staff of poison
Scrolls
 e - a scroll of noise
 g - a scroll of enchant armour
 j - a scroll of teleportation
 k - a scroll of identify
 m - 2 scrolls of fog
Potions
 h - 3 potions of flight


   Skills:
 + Level 3.3 Fighting
 + Level 3.2 Long Blades
 + Level 3.4 Armour
 + Level 1.3 Dodging
 + Level 0.1 Stealth
 + Level 3.6 Shields


You had 4 spell levels left.
You didn't know any spells.
Your spell library contained the following spells:

 Spells                   Type           Power      Damage    Failure   Level
 Freeze                   Ice            0%         1d3       99%         1
 Frozen Ramparts          Ice            0%         1d2       100%        3
 Hailstorm                Conj/Ice       0%         3d3       100%        4


Dungeon Overview and Level Annotations

Branches:
Dungeon (4/15)
 Temple: D:4-7

Altars:
Hepliaklqana
Qazlal
Xom

Shops:
D:1 :   D:2 (


Innate Abilities, Weirdness & Mutations

Your natural rate of healing is accelerated.
You have razor-sharp teeth.
You have supernaturally acute eyesight. (SInv)
You are afflicted with vampirism and can become a bat while bloodless.


Message History

Press: ? - help, Dir - move target, f - ogre
Aim: an ogre, wielding a +0 giant club A blizzard blasts the area with ice!
The blast of ice hits the ogre!
The ogre is heavily wounded.
The ogre is flash-frozen.
The scorpion stings you.
* * * LOW HITPOINT WARNING * * *
Okay, then.
Unknown command.
Okay, then.
You aren't carrying any items that you can evoke.
Unknown command.
You feel very mighty all of a sudden. The scorpion closely misses you.
You hit the scorpion.
The scorpion is moderately wounded.
The ogre is no longer encased in ice.
You block the scorpion's attack.
The scorpion stings you but does no damage.
Your scale mail prevents you from hitting the scorpion.
The scorpion is moderately wounded.
You block the scorpion's attack. The scorpion stings you.
* * * LOW HITPOINT WARNING * * *
You are lethally poisoned!
The scorpion poisons you!
A bullfrog skeleton comes into view.
You slice the scorpion!!
You kill the scorpion!
Qazlal accepts your kill.
* * * LOW HITPOINT WARNING * * *
You feel very sick.
The quokka bites you but does no damage.
You slash the quokka!
You kill the quokka!
Qazlal accepts your kill.
* * * LOW HITPOINT WARNING * * *
You feel very sick. You block the ogre's attack.
You barely miss the ogre.
The ogre is heavily wounded.
You die...

## #. #. #. #
.#####.## #...$...#
###.#####.......#
.......@O##.......#
#..... ##.###.##
###... ..# # ####
###


You could see an ogre and a bullfrog skeleton.

Vanquished Creatures
  A scorpion (D:4)
  A howler monkey (D:3)
  Natasha (D:2)
  Robin (D:3)
  2 worms
  3 dart slugs
  3 endoplasms (D:1)
  3 giant cockroaches
  5 hobgoblins
  3 jackals
  2 quokkas
  5 ball pythons
  9 bats
  4 frilled lizards
  9 goblins
  6 kobolds
  A rat (D:1)
59 creatures vanquished.

Notes
Turn   | Place    | Note
-------+----------+-------------------------------------------
     0 | D:1      | Malachi the Vampire Fighter began the quest for the Orb.
     0 | D:1      | Reached XP level 1. HP: 17/17 MP: 1/1
   176 | D:1      | Found a faded altar of an unknown god.
   181 | D:1      | Reached XP level 2. HP: 22/23 MP: 2/2
   186 | D:1      | Became a worshipper of Qazlal Stormbringer
   186 | D:1      | Reached * piety under Qazlal
   360 | D:1      | Found Aneegy's Book Boutique.
   759 | D:2      | Gained mutation: You are afflicted with vampirism and can
                  | become a bat while bloodless. [Vampire growth]
   759 | D:2      | Reached XP level 3. HP: 29/29 MP: 3/3
   769 | D:2      | Found Jakke's Antique Weapon Emporium.
  1106 | D:2      | Noticed Natasha
  1113 | D:2      | Killed Natasha
  1393 | D:3      | Reached XP level 4. HP: 35/35 MP: 4/4
  1471 | D:3      | Reached ** piety under Qazlal
  1706 | D:3      | Reached skill level 1 in Dodging
  1711 | D:3      | Noticed Robin
  1719 | D:3      | Killed Robin
  1722 | D:3      | Reached XP level 5. HP: 37/41 MP: 5/5
  1972 | D:3      | Found a shimmering altar of Xom.
  1973 | D:3      | Found a hazy altar of Hepliaklqana.
  1974 | D:3      | Noticed a spectral ugly thing
  2153 | D:4      | Noticed an ogre
  2168 | D:4      | HP: 2/41 [poisoned by a scorpion]
  2169 | D:4      | Succumbed to a scorpion's poison

Illustrated notes

Levels and vault maps discovered:
D:1:      psy_arrival_dodecagon, layout_basic, serial_shops,
          nicolae_diamond_shop, basic_ecumenical_altar, st_stairs_12,
          serial_bayou_lagoon_a
D:2:      layout_loops_ring, serial_shops, nicolae_shop_waterfront, uniq_natasha
D:3:      layout_basic, regret_index_temple_of_mockery, minivault_4, uniq_robin
D:4:      layout_loops_cross, uniq_duvessa, uniq_crazy_yiuf_cottage,
          uniq_menkaure

Skill      XL: |  1  2  3  4 |
---------------+-------------+-----
Fighting       | 3 |  3.3
Shields        | 3 |  3.6
Armour         | 3 |  3.4
Long Blades    | 3 |  3.2
Dodging        | 1 |  1.3
Stealth        | |  0.1

Action                   |  1- 3 |  4- 6 || total
-------------------------+-------+-------++-------
Melee: Long sword        |    87 |    65 ||   152
       Bite              |     8 |     8 ||    16
Invok: Upheaval          |       |     1 ||     1
  Use: Scroll            |       |     8 ||     8
       Potion            |       |     3 ||     3
Armor: Scale mail        |    33 |    46 ||    79
Dodge: Dodged            |    20 |    34 ||    54
Block: Kite shield       |    38 |    82 ||   120
       Rpst.: Long sword |     4 |     8 ||    12
